AoeStats
← RustyShackleford

Arabia

504143144Analyzed
1v1 RM · 29d ago on Sep 4, 2026· 76m 19s· 2 players
Game mode
Random Map
Map size
Tiny (2 player)
Population
200
Speed
Normal
Resources
Standard
Victory
Conquest
Starting age
Dark Age
Ending age
Imperial Age
RankedLock teamsTeams togetherTeam positionsShared explorationLock speedFull tech treeHidden civsTurbo modeCheats
Victory
Defeat
🇨🇳 Britons · China
807
+16
🇺🇸 Mongols · United States
797
-16
RustyShackleford
11:01 Feudal Age
9:17 Loom
11:50 Double-Bit Axe
16:09 Bloodlines
17:07 Forging
17:15 Horse Collar
22:59 Castle Age
21:40 Wheelbarrow
22:23 Scale Barding Armor
24:23 Heavy Plow
24:33 Gold Mining
26:19 Chain Barding Armor
27:55 Iron Casting
31:39 Gold Shaft Mining
30:55 Stone Mining
31:25 Fletching
31:15 Crossbowman
33:32 Bow Saw
34:54 Thumb Ring
35:32 Ballistics
35:12 Bodkin Arrow
37:16 Hand Cart
40:30 Town Watch
40:51 Padded Archer Armor
44:09 Imperial Age
43:24 Elite Skirmisher
44:55 Bracer
46:04 Chemistry
45:09 Murder Holes
45:54 Leather Archer Armor
45:04 Arbalester
46:09 Conscription
48:05 Light Cavalry
49:47 Hoardings
50:33 Elite Mangudai
52:05 Hussar
53:56 Town Patrol
wsj9955
4:25 Loom
13:14 Feudal Age
14:24 Stone Mining
14:26 Gold Mining
14:23 Double-Bit Axe
14:19 Horse Collar
14:06 Man-at-Arms
15:18 Arson
18:19 Scale Mail Armor
22:35 Forging
26:09 Castle Age
27:03 Squires
26:25 Pikeman
28:17 Chain Mail Armor
31:39 Iron Casting
32:18 Bow Saw
33:45 Ballistics
35:48 Gold Shaft Mining
36:35 Herbal Medicine
38:17 Yeomen
42:17 Imperial Age
41:04 Padded Archer Armor
40:55 Fletching
41:02 Guard Tower
43:28 Elite Longbowman
44:31 Conscription
44:12 Warwolf
45:05 Wheelbarrow
45:59 Chemistry
46:18 Hoardings
45:44 Halberdier
47:27 Murder Holes
48:16 Hand Cart
49:04 Keep
49:41 Siege Engineers
51:35 Plate Mail Armor
51:21 Leather Archer Armor
51:29 Bodkin Arrow
52:52 Blast Furnace
53:50 Ring Archer Armor
59:15 Gambesons
58:50 Long Swordsman
59:35 Bracer
63:09 Two-Handed Swordsman
64:14 Champion
70:36 Masonry
Connection lost

Rejoining the realm…

Still unreachable

The connection could not be restored.

Session expired

The server has moved on; the page needs a fresh start.